Map: Backwater LE

Players

ILIEKEGGPIE - Winner!

  • Race: Protoss Protoss
  • League: Gold
  • Spawn Location: 11:00

шотико

  • Race: Protoss Protoss
  • League: Diamond
  • Spawn Location: 5:00

VOD

Have the link to the VOD?

Description

Time

  • Played on: April 5, 2018, 7:14 p.m.
  • Length: 14:30
Show
View Real Time Build Order
Export as new Build Order

ILIEKEGGPIE Protoss - Winner!

Build Orders:  

Get SALT Encoding   

  12  0:01  Probe  
  13  0:13  Probe (Chrono Boost)  
  14  0:19  Pylon  
  14  0:25  Probe (Chrono Boost)  
  15  0:36  Probe (Chrono Boost)  
  16  0:45  Probe  
  17  0:53  Pylon  
  17  0:57  Probe (Chrono Boost)  
  18  1:09  Probe (Chrono Boost)  
  19  1:14  Assimilator, Gateway  
  19  1:21  Assimilator  
  19  1:24  Probe  
  20  1:28  Assimilator  
  20  1:52  Probe  
  20  2:04  Zealot (Chrono Boost), Probe  
  23  2:10  Cybernetics Core  
  23  2:15  Pylon  
  23  2:16  Pylon  
  23  2:27  Probe  
  23  2:35  Gateway  
  23  2:37  Pylon  
  23  2:44  Assimilator  
  23  2:45  Warp Gate (Chrono Boost)  
  23  3:01  Probe  
  24  3:22  Stargate  
  24  3:26  Stalker  
  26  3:35  Pylon  
  26  3:36  Probe  
  26  3:37  Stalker  
  29  3:54  Gateway  
  29  3:56  Gateway  
  29  3:57  Gateway  
  29  4:10  Gateway  
  29  4:28  Pylon  
  29  4:40  Stalker  
  29  4:44  Stalker  
  33  4:58  Stalker  
  33  4:59  Stalker x2  
  39  5:25  Stalker x2  
  39  5:26  Stalker x2  
  47  5:44  Probe  
  48  5:56  Probe (Chrono Boost)  
  47  6:08  Probe (Chrono Boost)  
  48  6:15  Probe (Chrono Boost)  
  47  6:25  Probe (Chrono Boost)  
  48  6:35  Probe (Chrono Boost)  
  49  6:40  Probe (Chrono Boost)  
  49  6:43  Nexus  
  49  6:46  Stalker x2  
  54  6:52  Probe  
  55  6:55  Pylon  
  55  6:57  Robotics Facility  
  55  7:13  Probe  
  56  7:20  Forge  
  56  7:23  Forge  
  56  7:24  Pylon  
  56  7:41  Immortal (Chrono Boost)  
  60  7:48  Probe  
  61  7:55  Protoss Ground Weapons Level 1  
  61  7:56  Protoss Ground Armor Level 1  
  61  8:02  Probe (Chrono Boost)  
  62  8:07  Probe (Chrono Boost)  
  64  8:13  Assimilator  
  64  8:16  Probe (Chrono Boost)  
  64  8:17  Assimilator, Probe (Chrono Boost)  
  65  8:21  Probe (Chrono Boost)  
  67  8:27  Probe (Chrono Boost)  
  67  8:33  Probe (Chrono Boost)  
  69  8:41  Probe (Chrono Boost)  
  69  8:52  Probe x2  
  71  9:09  Probe x2  
  73  9:18  Shield Battery  
  73  9:20  Gateway  
  73  9:22  Gateway  
  73  9:24  Twilight Council  
  73  9:39  Nexus  
  73  9:40  Pylon  
  73  9:41  Pylon  
  73  9:43  Pylon  
  73  9:45  Stalker x2, Pylon  
  73  9:46  Stalker x2  
  73  9:48  Pylon  
  81  9:53  Blink (Chrono Boost)  
  81  9:56  Assimilator  
  81  10:00  Assimilator  
  81  10:04  Protoss Ground Weapons Level 2 (Chrono Boost)  
  81  10:13  Protoss Ground Armor Level 2 (Chrono Boost)  
  81  10:35  Probe x2  
  83  10:47  Immortal (Chrono Boost)  
  87  10:56  Probe (Chrono Boost)  
  90  11:02  Probe x2 (Chrono Boost)  
  90  11:30  Probe x3  
  93  11:36  Stalker x4  
  93  11:37  Sentry  
  93  11:38  Zealot  
  93  11:39  Zealot x2  
  109  11:47  Pylon  
  109  11:57  Pylon  
  111  12:05  Probe x2 (Chrono Boost)  
  111  12:07  Immortal (Chrono Boost)  
  115  12:18  Pylon  
  115  12:20  Gateway  
  115  12:24  Gateway  
  115  12:27  Gateway  
  115  12:33  Charge  
  115  12:36  Pylon  
  115  12:37  Observer (Chrono Boost)  
  115  12:39  Zealot  
  118  12:46  Stalker x4  
  118  12:47  Stalker x2  
  130  13:16  Stalker x3  
  130  13:17  Stalker x3  
  130  13:37  Stalker x2  
  121  14:20  Zealot x3  
  121  14:21  Zealot x5  
Show
View Real Time Build Order
Export as new Build Order

шотико Protoss 

Build Orders:  

Get SALT Encoding   

  12  0:01  Probe  
  13  0:14  Pylon  
  13  0:18  Probe  
  14  0:30  Probe  
  15  0:51  Pylon, Forge  
  15  1:14  Pylon  
  15  1:26  Photon Cannon  
  15  1:27  Photon Cannon  
  15  1:34  Pylon  
  15  2:00  Photon Cannon  
  15  2:04  Pylon  
  15  2:35  Photon Cannon  
  15  2:43  Photon Cannon  
  15  2:55  Photon Cannon  
  15  2:58  Nexus  
  15  3:10  Gateway  
  15  3:19  Pylon  
  15  3:24  Probe (Chrono Boost)  
  16  3:37  Probe (Chrono Boost)  
  16  3:40  Assimilator  
  17  3:45  Probe (Chrono Boost)  
  18  4:02  Cybernetics Core  
  18  4:20  Nexus  
  18  4:22  Assimilator  
  18  4:30  Probe (Chrono Boost)  
  19  4:41  Probe (Chrono Boost)  
  19  4:43  Probe (Chrono Boost)  
  21  4:50  Probe (Chrono Boost)  
  21  4:51  Probe (Chrono Boost)  
  23  4:55  Probe (Chrono Boost)  
  23  4:56  Probe (Chrono Boost), Photon Cannon  
  25  5:01  Stalker (Chrono Boost)  
  26  5:08  Photon Cannon  
  26  5:17  Photon Cannon  
  26  5:24  Stalker (Chrono Boost)  
  27  5:43  Photon Cannon  
  27  5:50  Pylon  
  27  5:53  Pylon  
  27  6:09  Zealot (Chrono Boost)  
  27  6:12  Probe (Chrono Boost)  
  26  6:22  Probe (Chrono Boost)  
  27  6:25  Photon Cannon  
  27  6:27  Probe (Chrono Boost)  
  27  6:35  Photon Cannon  
  27  6:38  Probe (Chrono Boost)  
  23  6:42  Pylon  
  23  6:50  Probe (Chrono Boost)  
  24  6:59  Probe (Chrono Boost)  
  25  7:04  Probe  
  25  7:08  Pylon  
  26  7:10  Assimilator  
  26  7:17  Probe  
  27  7:29  Probe  
  28  7:37  Pylon  
  28  7:41  Gateway, Probe (Chrono Boost)  
  28  7:44  Gateway  
  29  7:48  Forge  
  28  7:53  Probe (Chrono Boost)  
  28  8:00  Probe (Chrono Boost)  
  29  8:06  Pylon  
  28  8:24  Probe  
  29  8:32  Photon Cannon  
  29  8:34  Pylon  
  29  8:36  Photon Cannon  
  29  8:39  Pylon  
  29  8:52  Zealot (Chrono Boost), Pylon  
  31  8:59  Zealot (Chrono Boost)  
  31  9:01  Photon Cannon  
  33  9:08  Photon Cannon  
  33  9:12  Assimilator  
  33  9:19  Cybernetics Core  
  33  9:27  Photon Cannon  
  33  9:34  Pylon  
  33  9:49  Photon Cannon  
  33  9:51  Photon Cannon  
  33  9:58  Photon Cannon  
  33  10:12  Pylon  
  33  10:18  Photon Cannon  
  33  10:28  Shield Battery  
  33  10:31  Shield Battery  
  33  10:41  Photon Cannon  
  33  10:47  Stalker x2 (Chrono Boost)  
  36  10:57  Pylon  
  36  11:09  Shield Battery  
  36  11:24  Twilight Council  
  36  11:36  Pylon  
  36  11:49  Photon Cannon  
  36  11:52  Pylon  
  36  12:03  Templar Archives  
  36  12:09  Dark Shrine  
  36  12:15  Photon Cannon  
  36  12:16  Photon Cannon  
  36  12:20  Shield Battery  
  36  12:29  Psionic Storm  
  36  12:31  Shield Battery  
  36  12:49  High Templar (Chrono Boost)  
  40  12:56  High Templar (Chrono Boost)  
  40  13:10  Pylon  
  40  13:23  High Templar (Chrono Boost)  
Tags
 
Matchup
PvP
Replay Pack
Multi
Spawn Locations
Cross Positions
Add a new tag
Caveats
  • Supply blocks, unpowered buildings, or Contaminate may cause inaccurate times.
  • Supply counts are checked every 10 seconds.